Map: Prion Terraces

Players

WildCatBrown - Winner!

  • Race: Protoss Protoss
  • League: Bronze

Caedes

  • Race: Terran Terran
  • League: Silver

VOD

Have the link to the VOD?

Description

Time

  • Played on: Dec. 23, 2015, 1:17 p.m.
  • Length: 19:36
Show
View Real Time Build Order
Export as new Build Order

WildCatBrown Protoss - Winner!

Build Orders: 1 Gate Expand 

Get SALT Encoding   

  12  0:01  Probe (Chrono Boost)  
  13  0:12  Probe (Chrono Boost)  
  14  0:21  Pylon  
  14  0:22  Probe (Chrono Boost)  
  15  0:34  Assimilator  
  15  0:36  Assimilator  
  15  0:40  Probe (Chrono Boost)  
  16  0:51  Gateway  
  16  0:52  Probe (Chrono Boost)  
  17  1:03  Probe (Chrono Boost)  
  18  1:13  Probe (Chrono Boost)  
  19  1:24  Probe (Chrono Boost)  
  20  1:37  Nexus  
  20  1:39  Probe (Chrono Boost)  
  21  1:49  Probe (Chrono Boost)  
  22  2:02  Cybernetics Core  
  22  2:03  Probe (Chrono Boost)  
  23  2:20  Pylon  
  23  2:23  Pylon  
  23  2:38  Gateway  
  23  2:39  Probe (Chrono Boost)  
  23  2:40  Warp Gate  
  24  2:50  Stalker  
  27  2:57  Mothership Core (Chrono Boost)  
  28  3:05  Probe (Chrono Boost)  
  27  3:16  Probe (Chrono Boost)  
  27  3:26  Probe (Chrono Boost)  
  28  3:31  Probe (Chrono Boost)  
  29  3:37  Probe (Chrono Boost)  
  29  3:40  Adept  
  29  3:41  Adept  
  34  3:47  Probe (Chrono Boost)  
  35  3:49  Assimilator  
  35  3:58  Probe (Chrono Boost)  
  36  4:03  Gateway  
  36  4:07  Probe (Chrono Boost)  
  37  4:12  Probe (Chrono Boost)  
  38  4:17  Probe (Chrono Boost), Assimilator  
  38  4:21  Pylon  
  38  4:23  Pylon  
  39  4:25  Probe (Chrono Boost)  
  40  4:40  Twilight Council  
  40  4:45  Probe (Chrono Boost)  
  41  4:46  Gateway  
  41  4:47  Probe (Chrono Boost)  
  42  4:56  Probe (Chrono Boost)  
  42  4:57  Probe (Chrono Boost)  
  44  5:08  Adept x2  
  48  5:16  Resonating Glaives (Chrono Boost)  
  48  5:23  Adept, Pylon  
  48  5:26  Probe (Chrono Boost)  
  48  5:27  Probe (Chrono Boost)  
  52  5:48  Robotics Facility  
  52  5:49  Probe x2 (Chrono Boost)  
  54  6:08  Nexus  
  54  6:10  Adept x2, Assimilator  
  57  6:14  Assimilator  
  57  6:16  Pylon  
  57  6:20  Pylon  
  57  6:24  Probe, Forge  
  58  6:36  Probe  
  58  6:39  Templar Archives  
  59  6:45  Adept x3  
  59  6:46  Adept  
  67  6:49  Probe  
  68  7:00  Photon Cannon  
  68  7:04  Probe  
  68  7:05  Photon Cannon  
  69  7:11  Probe  
  69  7:14  Probe  
  70  7:21  Psionic Storm, Robotics Bay  
  71  7:23  Probe  
  71  7:25  Probe  
  71  7:27  High Templar x3  
  79  7:32  Probe  
  79  7:35  Probe  
  79  7:36  Probe  
  81  7:43  Warp Prism  
  84  8:19  Observer  
  85  8:29  Zealot x4  
  89  8:40  Warp Prism  
  85  8:46  Protoss Ground Weapons Level 1 (Chrono Boost)  
  85  8:48  Charge (Chrono Boost)  
  81  8:51  Zealot x4  
  67  9:16  Immortal  
  50  9:44  Archon  
  50  9:57  Nexus  
  50  10:00  Pylon  
  50  10:02  Pylon  
  50  10:05  Assimilator  
  50  10:08  Zealot x4  
  50  10:40  Protoss Ground Armor Level 1 (Chrono Boost)  
  50  10:41  Disruptor  
  53  10:49  Photon Cannon  
  53  10:52  Photon Cannon  
  53  10:53  Probe  
  53  10:55  Photon Cannon  
  54  10:59  High Templar x4  
  62  11:05  Probe  
  63  11:12  Robotics Facility  
  63  11:14  Robotics Facility  
  63  11:17  Probe, Disruptor  
  67  11:29  Probe  
  64  11:41  Probe  
  61  11:56  Archon  
  61  11:57  Archon  
  61  12:04  Disruptor x2  
  67  12:09  Stalker x4  
  75  12:18  Gateway  
  75  12:26  Gateway  
  75  12:27  Probe, Gateway  
  76  12:30  Gateway  
  76  12:36  Protoss Ground Weapons Level 2 (Chrono Boost)  
  76  12:39  Probe  
  76  12:43  Blink (Chrono Boost)  
  77  12:44  Immortal  
  77  12:45  Forge  
  77  12:49  Immortal x2  
  89  12:59  Stalker x4  
  95  13:22  High Templar x2  
  99  13:34  Mothership Core  
  101  13:43  Stalker  
  101  13:44  Stalker x3  
  101  13:47  Zealot  
  111  14:03  Probe  
  112  14:10  Protoss Ground Armor Level 2 (Chrono Boost)  
  112  14:14  Probe  
  113  14:18  Zealot x2  
  117  14:30  Pylon  
  111  14:47  Nexus  
  111  14:51  Pylon  
  97  14:53  Pylon  
  97  14:58  Assimilator  
  91  15:00  Assimilator  
  83  15:12  Stalker x6  
  83  15:13  Stalker x2  
  99  15:30  Immortal  
  99  15:31  Immortal x2  
  111  15:53  Nexus  
  111  15:56  Assimilator  
  111  15:59  Assimilator  
  111  16:01  Pylon  
  111  16:04  Pylon  
  107  16:07  Adept x5  
  107  16:08  Adept x2  
  107  16:10  Immortal, Observer  
  108  16:16  Stalker  
  94  16:36  Stalker x5  
  94  16:37  Stalker x2  
  108  17:00  Zealot x3  
  108  17:01  Zealot x2  
  102  17:33  Stalker  
  102  17:34  Stalker x2  
  98  18:22  Probe  
  97  18:33  Probe  
  98  18:43  Probe  
  99  18:49  Zealot x3  
  99  18:50  Zealot  
  99  18:54  Probe  
  106  19:13  Probe  
  106  19:15  Probe x2  
Show
View Real Time Build Order
Export as new Build Order

Caedes Terran 

Build Orders: Reaper Expand, MMM Bio 

Get SALT Encoding   

  12  0:02  SCV  
  13  0:14  SCV  
  13  0:19  Supply Depot  
  14  0:26  SCV  
  15  0:40  SCV  
  15  0:42  Barracks  
  16  0:46  Refinery  
  16  0:53  SCV  
  17  1:05  SCV  
  18  1:17  SCV  
  19  1:29  Orbital Command  
  19  1:34  Supply Depot  
  19  1:35  Reaper  
  20  1:52  Command Center  
  20  1:55  SCV  
  21  2:10  SCV, Barracks  
  21  2:14  Marine  
  23  2:24  SCV  
  23  2:27  Barracks  
  24  2:32  Barracks Tech Lab  
  24  2:57  SCV  
  25  3:07  Marine x2  
  27  3:33  Stimpack  
  26  3:36  Factory  
  26  3:37  Marine x2  
  26  3:38  Marauder  
  26  3:41  Orbital Command  
  30  3:47  Bunker  
  30  3:48  SCV  
  31  3:57  Refinery  
  31  3:58  Barracks Reactor  
  31  4:09  SCV x2  
  33  4:19  Marine  
  33  4:20  Marauder  
  36  4:29  SCV x2  
  38  4:35  Factory Reactor  
  38  4:38  Command Center, Starport  
  38  4:44  SCV x2  
  40  4:46  Engineering Bay x2  
  40  4:48  Marine  
  40  4:49  Marine  
  40  4:50  Marauder  
  40  4:51  Barracks Tech Lab  
  44  5:02  SCV x2  
  44  5:06  Supply Depot  
  46  5:07  Supply Depot  
  46  5:11  Combat Shields  
  46  5:26  Refinery  
  46  5:30  Medivac  
  46  5:33  Refinery  
  48  5:51  Barracks, Medivac  
  48  5:52  Barracks  
  48  5:53  Orbital Command  
  50  5:58  Missile Turret  
  50  6:11  Missile Turret  
  50  6:15  Terran Infantry Weapons Level 1, Terran Infantry Armor Level 1  
  50  6:17  SCV  
  50  6:18  SCV  
  52  6:33  Missile Turret  
  52  6:35  SCV x2  
  54  6:43  Barracks Reactor, Barracks  
  54  6:44  Barracks Reactor  
  54  6:50  Barracks  
  54  6:55  Armory, Medivac x2  
  58  7:07  Marauder  
  58  7:08  SCV x2  
  62  7:17  SCV, Factory Reactor  
  63  7:32  Marine  
  63  7:33  Marine x5  
  63  7:34  Marine  
  63  7:35  Marauder x2  
  74  7:55  Barracks Reactor, Barracks Tech Lab  
  74  7:57  Marine x3  
  77  7:59  Marine x3  
  77  8:02  Marauder  
  77  8:04  Marauder  
  70  8:36  SCV x2  
  51  9:02  Marine  
  51  9:03  Marine x7  
  51  9:04  Marine x3  
  56  9:18  SCV x2  
  33  9:37  Orbital Command  
  33  9:45  Marine x5  
  34  9:46  Marine x3  
  34  9:48  Marauder  
  41  10:02  SCV x2  
  41  10:22  SCV x3  
  44  10:41  SCV x3  
  47  10:45  Marine x5  
  47  10:46  Marine x6  
  58  11:00  SCV x3  
  61  11:18  Marine x6  
  63  11:19  Marine x2  
  63  11:20  Marauder x3  
  63  11:23  Terran Infantry Weapons Level 2  
  63  11:24  Terran Infantry Armor Level 2  
  69  11:41  Marauder  
  52  11:57  Marine x7  
  52  11:58  Marine  
  52  11:59  Marauder x2  
  62  12:03  Orbital Command  
  62  12:15  Starport Reactor  
  62  12:24  Refinery  
  62  12:34  Reaper, Marine x5  
  62  12:35  Marine x2  
  76  12:37  Marauder x3  
  76  13:29  Medivac  
  76  13:30  Medivac  
  77  13:58  Command Center  
  77  14:02  Marine x6  
  77  14:03  Marauder x2, Medivac x2, Marine x2  
  77  14:08  Supply Depot  
  93  14:10  Supply Depot  
  93  14:11  Supply Depot  
  93  14:29  Marauder  
  79  14:57  Marine x6  
  79  14:58  Marine x3  
  63  15:11  Marauder  
  65  15:25  Marine x2  
  67  15:36  SCV  
  67  15:39  SCV  
  67  15:40  SCV  
  70  15:54  Marine x5  
  70  15:55  Marine x3  
  70  16:34  Marine x5  
  70  16:35  Marine x5  
  76  17:13  Marine x3  
  76  17:14  Marine x3  
  86  17:16  Marauder x2  
  53  17:52  Orbital Command  
  30  18:28  Marine x3  
  30  18:29  Marine x2  
  36  18:38  Barracks  
  34  19:01  Orbital Command  
  33  19:04  Barracks x2  
  33  19:06  Barracks, Marine x3  
  37  19:22  Refinery  
  36  19:26  Refinery  
Tags
 
Add a new tag
Caveats
  • Supply blocks, unpowered buildings, or Contaminate may cause inaccurate times.
  • Supply counts are checked every 10 seconds.